 Dungeon Crawl Stone Soup version 0.23.2-30-g0e89c35649 (webtiles) character file.

Game seed: 1237182562024374481

4447 ClassyCatman the Cleaver (level 10, -7/80 HPs)
             Began as a Formicid Fighter on June 17, 2019.
             Was an Initiate of Qazlal.
             Mangled by a salamander
             ... wielding a +0 halberd
              (10 damage)
             ... in a volcano.
             The game lasted 00:30:48 (9217 turns).

ClassyCatman the Cleaver (Formicid Fighter)         Turns: 9217, Time: 00:30:49

Health: -7/80      AC:  6    Str: 24    XL:     10   Next: 63%
Magic:  10/10      EV: 11    Int:  8    God:    Qazlal [......]
Gold:   387        SH: 14    Dex: 10    Spells: 9/9 levels left

rFire    . . .     SeeInvis +   a - +2 war axe
rCold    . . .     Gourm    .   c - +2 shield
rNeg     . . .     Faith    +   l - +2 leather armour {MR+}
rPois    .         Spirit   .   (helmet unavailable)
rElec    .         Reflect  .   t - +0 cloak {+Inv}
rCorr    .         Harm     .   (no gloves)
MR       ++...                  (no boots)
Stlth    +.........             p - amulet of faith
HPRegen  0.23/turn              (no ring)
MPRegen  0.12/turn              (no ring)

@: marked
A: permanent stasis, dig shafts and tunnels, four strong arms, antennae 3
a: Dig, Shaft Self, Renounce Religion, Evoke Invisibility


You were in a volcano.
You worshipped Qazlal.
Qazlal was noncommittal.
You were not hungry.

You visited 2 branches of the dungeon, and saw 9 of its levels.
You also visited: Volcano.

You collected 387 gold pieces.

Inventory:

Hand Weapons
 a - a +2 war axe (weapon)
 b - a +1 whip of venom
 n - a +0 blowgun
 y - a +2 quarterstaff of chaos
 z - a +2 dagger of speed
 C - a +1 mace of draining
 D - a +0 halberd
Missiles
 g - 239 stones (quivered)
 j - 2 needles of sleeping
 o - 40 poisoned needles
Armour
 c - a +2 shield (worn)
 e - a cursed -2 pair of boots
 k - a +0 chain mail
 l - a +2 leather armour of magic resistance (worn)
 t - a +0 cloak of invisibility (worn)
Jewellery
 p - an amulet of faith (around neck)
 B - an uncursed amulet of the acrobat
 F - an uncursed ring of stealth {unknown}
Wands
 s - a wand of acid (12)
 v - a wand of disintegration (37)
Scrolls
 h - 5 scrolls of remove curse
 i - a scroll of enchant weapon
 m - 4 scrolls of teleportation
 q - a scroll of fog
 r - 3 scrolls of identify
 x - a scroll of fear
Potions
 d - a potion of magic
 u - a potion of curing
 A - a potion of agility
 E - a potion of might
Comestibles
 f - 12 rations


   Skills:
 + Level 7.9 Fighting
 + Level 10.5(10.7) Axes
 + Level 1.1(6.7) Maces & Flails
 + Level 2.7(7.2) Polearms
 + Level 3.8 Armour
 + Level 9.6 Shields


You had 9 spell levels left.
You didn't know any spells.
Your spell library contained the following spells:

 Spells                   Type           Power        Failure   Level  Hunger
 Beastly Appendage        Tmut           #.....       43%         1    ##.....
 Magic Dart               Conj           #...         43%         1    ##.....
 Sting                    Conj/Pois      #...         43%         1    ##.....
 Poisonous Vapours        Pois/Air       #.....       58%         2    ###....
 Searing Ray              Conj           #.....       58%         2    ###....
 Sticks to Snakes         Tmut           #.......     58%         2    ###....
 Dazzling Spray           Conj/Hex       #.....       82%         3    ####...
 Mephitic Cloud           Conj/Pois/Air  #.......     82%         3    ####...
 Spider Form              Tmut/Pois      #.........   82%         3    ####...
 Force Lance              Conj/Tloc      #.......     99%         4    #####..
 Fulminant Prism          Conj/Hex       #.........   99%         4    #####..
 Ice Form                 Ice/Tmut       #.......     99%         4    #####..
 Iskenderun's Mystic Bla  Conj           #.......     99%         4    #####..
 Olgreb's Toxic Radiance  Pois           #.......     99%         4    #####..
 Blade Hands              Tmut           #.........   100%        5    ######.
 Venom Bolt               Conj/Pois      #.........   100%        5    ######.


Dungeon Overview and Level Annotations

Branches:
Dungeon (8/15)             Temple (0/1) D:7            Lair (1/6) D:8

Altars:
Kikubaaqudgha
Qazlal
Ru
Wu Jian

Annotations:
D:5 Prince Ribbit


Innate Abilities, Weirdness & Mutations

You cannot be hasted, slowed, berserked, paralysed or teleported.
You can dig through walls and to a lower floor.
Your four strong arms can wield two-handed weapons with a shield.
You have a pair of large antennae on your head. (SInv)


Message History

You slash the centaur!
You kill the centaur!
Qazlal accepts your kill.
The fire bat bites you but does no damage.
You block the fire bat's attack. The salamander closely misses you.
You barely miss the fire bat. You block the fire bat's attack.
The fire bat misses you.
The salamander hits you from afar with a +0 halberd!
You are engulfed in flames!
The fire bat bites you but does no damage.
You barely miss the fire bat. The fire bat barely misses you.
You block the fire bat's attack.
The salamander hits you from afar with a +0 halberd.
* * * LOW HITPOINT WARNING * * *
You are engulfed in flames!
* * * LOW HITPOINT WARNING * * *
The salamander hits you from afar with a +0 halberd!
* * * LOW HITPOINT WARNING * * *
You are engulfed in flames!
You die...

§§≈§ §§§.
... ###
#..##.##
{
#..#.#∩#
#.{#(#∩#
##{{#@###
#.cNb##
......N##
.≈..≈≈≈
≈≈≈≈≈≈≈
≈≈≈≈≈≈≈
≈≈≈≈≈≈≈
≈≈≈≈≈≈≈
≈≈≈≈≈≈≈


You could see 2 salamanders, a fire bat and a centaur.

Vanquished Creatures
  A spiny frog (Lair:1)
  4 blink frogs (Lair:1)
  A hippogriff (D:8)
  A fire bat (Volcano)
  Menkaure (D:7)
  A water moccasin (D:7)
  A black bear (Lair:1)
  A sky beast (D:7)
  2 ogres
  A phantom (D:8)
  4 centaurs
  A crocodile (Lair:1)
  3 big kobolds
  2 bullfrogs (D:6)
  A wyvern skeleton (D:6)
  2 scorpions (D:5)
  5 killer bees (D:7)
  4 wights (D:8)
  A howler monkey (D:5)
  A crimson imp (D:5)
  A quasit (D:5)
  A bullfrog zombie (D:5)
  Crazy Yiuf (D:7)
  4 hounds (D:4)
  8 orc wizards
  A bullfrog skeleton (D:7)
  2 orc priests
  5 iguanas
  2 worker ants
  A hound skeleton (D:4)
  A worker ant zombie (D:5)
  2 howler monkey skeletons
  19 adders
  3 shadow imps
  An ooze (D:5)
  An adder skeleton (D:6)
  2 adder zombies
  A worm (D:2)
  A dart slug (D:1)
  13 leopard geckos
  23 orcs
  A ball python (D:1)
  11 bats
  6 giant cockroaches
  8 hobgoblins
  12 jackals
  21 kobolds
  2 quokkas
  A frilled lizard (D:1)
  4 goblins
  A quokka zombie (D:5)
  3 rats
201 creatures vanquished.

Notes
Turn   | Place    | Note
-------+----------+-------------------------------------------
     0 | D:1      | ClassyCatman the Formicid Fighter began the quest for the
                  | Orb.
     0 | D:1      | Reached XP level 1. HP: 18/18 MP: 1/1
   134 | D:1      | Reached XP level 2. HP: 20/24 MP: 2/2
   499 | D:1      | Reached XP level 3. HP: 29/30 MP: 3/3
  1165 | D:2      | Reached XP level 4. HP: 36/37 MP: 4/4
  1338 | D:2      | Reached skill level 3 in Axes
  1550 | D:2      | Reached skill level 5 in Shields
  1561 | D:2      | Reached XP level 5. HP: 36/42 MP: 5/5
  1675 | D:2      | Found an ancient bone altar of Kikubaaqudgha.
  2408 | D:3      | Noticed a big kobold
  2420 | D:3      | Noticed a big kobold
  2466 | D:3      | Found a faded altar of an unknown god.
  2602 | D:3      | Killed a big kobold
  2602 | D:3      | Reached skill level 4 in Axes
  2602 | D:3      | Reached XP level 6. HP: 39/48 MP: 6/6
  3544 | D:4      | Reached XP level 7. HP: 40/55 MP: 7/7
  3561 | D:4      | Reached skill level 5 in Axes
  4358 | D:4      | Reached skill level 6 in Axes
  4588 | D:4      | Reached XP level 8. HP: 61/61 MP: 8/8
  4589 | D:4      | Found an ornate altar of the Wu Jian Council.
  4638 | D:5      | Entered Level 5 of the Dungeon
  4696 | D:5      | Reached skill level 5 in Fighting
  4723 | D:5      | Reached skill level 7 in Axes
  5369 | D:5      | Noticed Prince Ribbit
  5390 | D:5      | HP: 2/64 [Prince Ribbit (16)]
  5665 | D:5      | Reached XP level 9. HP: 61/69 MP: 9/9
  6099 | D:6      | Reached skill level 8 in Axes
  6878 | D:7      | Noticed Menkaure
  6883 | D:7      | Killed Menkaure
  6883 | D:7      | Reached skill level 9 in Axes
  7209 | D:7      | Found a stormy altar of Qazlal.
  7269 | D:7      | Became a worshipper of Qazlal Stormbringer
  7629 | D:7      | Found a runed translucent door.
  7630 | D:7      | Noticed Crazy Yiuf
  7648 | D:7      | Killed Crazy Yiuf
  8363 | D:7      | Found a staircase to the Ecumenical Temple.
  8473 | D:8      | Found a sacrificial altar of Ru.
  8551 | D:8      | Found an ancient bone altar of Kikubaaqudgha.
  8583 | D:8      | Noticed a hippogriff
  8593 | D:8      | Killed a hippogriff
  8593 | D:8      | Reached XP level 10. HP: 48/77 MP: 10/10
  8631 | D:8      | Found a staircase to the Lair.
  8658 | D:8      | Reached skill level 1 in Maces & Flails
  8694 | D:8      | Reached skill level 10 in Axes
  8743 | Lair:1   | Entered Level 1 of the Lair of Beasts
  8770 | Lair:1   | Reached skill level 1 in Polearms
  8773 | Lair:1   | Noticed a spiny frog
  8789 | Lair:1   | Killed a spiny frog
  9172 | Lair:1   | Found a dark tunnel.
  9180 | Volcano  | Entered a volcano
  9188 | Volcano  | Noticed a salamander
  9210 | Volcano  | Noticed a salamander
  9211 | Volcano  | Noticed a salamander
  9213 | Volcano  | Noticed a salamander
  9217 | Volcano  | HP: 3/80 [salamander/+0 halberd (10)]
  9217 | Volcano  | Mangled by a salamander

Skill      XL: |  1  2  3  4  5  6  7  8  9 10 |
---------------+-------------------------------+-----
Shields        | 4 5 6 7 8 9 |  9.6
Axes           | 3 4 6 7 9 10 | 10.5
Fighting       | 4 5 6 7 |  7.9
Maces & Flails | 1 |  1.1
Polearms       | 2 |  2.7
Armour         | |  3.8

Action                   |  1- 3 |  4- 6 |  7- 9 | 10-12 || total
-------------------------+-------+-------+-------+-------++-------
Melee: War axe           |    93 |   241 |   367 |    83 ||   784
       Mace              |       |       |    13 |       ||    13
       Halberd           |       |       |       |    15 ||    15
  Use: Potion            |       |       |    16 |     6 ||    22
       Scroll            |       |       |    14 |     1 ||    15
  Eat: Chunk             |       |     4 |     4 |       ||     8
       Ration            |       |     2 |     4 |       ||     6
Armor: Scale mail        |    35 |       |       |       ||    35
       Chain mail        |    18 |    28 |       |       ||    46
       Leather armour    |       |    51 |    79 |    16 ||   146
       Skin              |       |       |       |     2 ||     2
Dodge: Dodged            |    49 |    93 |   128 |    31 ||   301
Block: Shield            |    69 |   148 |   258 |    64 ||   539
